Match 45286217
Unlisted

Match 45286217
End
Construct Barracks
Riflemen Squad
Riflemen Squad
Riflemen Squad
Infantry Support Center
Engineer Squad
Construct Motor Pool
M8 Greyhound Armored Car
M1 Anti-tank Gun Team
M1918 Browning Automatic Rifles
Grenade Package
Construct Weapon Support Center
M1 Mortar Team
M1919 Machine Gun Team
Selects Heavy Weapons
Selects Assault Carriers
Selects Exchangeable Parts
M1 Anti-tank Gun Team
Construct Tank Depot
M1 Anti-tank Gun Team
M1919 Machine Gun Team
Selects M26 Pershing Heavy Tank
M26 Pershing Heavy Tank
M18 Hellcat Tank Destroyer
M4A1 Sherman Medium Tank
Selects M2HB .50cal Heavy Machine Gun
Selects Gallant Stand
Engineer Squad
Selects Black Dragon Artillery Barrage
M4A1 Sherman Medium Tank
Engineer Squad
M18 Hellcat Tank Destroyer
Black Dragon Artillery Barrage
M1 Anti-tank Gun Team
M1 Anti-tank Gun Team
TantheMan415
ConcernedApe
C. Troy
Starsilver
0
0

Comments sign in to comment!

No comments posted yet!